[Event "Open NK Rapid 2025"]
[Site "Helmond, Netherlands"]
[Date "2025.05.03"]
[Round "7.1"]
[White "Warmerdam, Max"]
[Black "Beerdsen, Thomas"]
[Result "1-0"]
[TimeControl "15+5"]
[WhiteFideId "1048104"]
[BlackFideId "1030108"]
[WhiteElo "2517"]
[BlackElo "2485"]

1. c4 c6 2. Nf3 d5 3. g3 Nf6 4. Bg2 g6 5. b3 Bg7 6. Bb2 O-O 7. O-O Bf5 8. d3 a5 9. Nc3 d4 10. Na4 Ne8 11. Qd2 e5 12.
Rfe1 Nd6 13. e3 dxe3 14. Qxe3 Re8 15. Nb6 Ra6 16. c5 Nc8 17. Nc4 Nd7 18. Rad1 Bg4 19. h3 Bxf3 20. Bxf3 Re6 21. Bg4 f5 22. Bf3 Qe7 23. Bg2 Ra8 24. f4 Nxc5 25. fxe5 Nd7 26. d4 Ncb6 27. Ba3 Qd8 28. Nd6 Qc7 29. Qf4 a4 30.
b4 Rd8 31. b5 Nd5 32. Qc1 Qb6 33. Qc4 Nf8 34. Bxd5 cxd5 35. Qxd5 Rd7 36. Rc1 h5 37. Rc8 Kh7 38. Qc5 Rdxd6 39. exd6 Rxe1+ 40. Kg2 Nd7 41. Qxb6 Nxb6 42. Bc5 Nd7 43. Rc7 Nf6 44.
d7 Nxd7 45. Rxd7 Kh6 46. a3 Re2+ 47. Kf3 Rh2 48. h4 b6 49. Bxb6 Rb2 50. d5 Rb3+ 51. Be3+ f4 52. Kxf4 Rxa3 53.
Ke4+ g5 54. hxg5+ Kg6 55. Ra7 Bf8 56. Ra6+ Kf7 57. g6+ Kg8 58. b6 Kg7 59. Bd4+ Kg8 60.
Ra8 Rxg3 61. b7 1-0

[Event "Open NK Rapid 2025"]
[Site "Helmond, Netherlands"]
[Date "2025.05.03"]
[Round "7.2"]
[White "Roebers, Eline"]
[Black "Sydykov, Bayastan"]
[Result "1/2-1/2"]
[TimeControl "15+5"]
[WhiteFideId "1058401"]
[BlackFideId "13829610"]
[WhiteElo "2390"]
[BlackElo "2297"]

1. e4 e6 2. d4 d5 3.
Nc3 Nf6 4. e5 Nfd7 5. Nce2 c5 6. c3 Nc6 7. Nf3 Qb6 8. h4 cxd4 9. cxd4 f6 10. exf6 Nxf6 11. Nc3 Bd6 12. Bd3 Bd7 13. O-O O-O 14.
Re1 Rae8 15. Be3 Re7 16. a3 Be8 17. Ne5 a6 18. Qd2 Qc7 19. f4 Na5 20. Qc2 Nc4 21. Bf2 b5 22. Rac1 Kh8 23. g3 Bh5 24. Nb1 Qb7 25. b3 Nxa3 26.
Qc6 Qb8 27. Nxa3 Bxa3 28. Ra1 Bb4 29.
Rec1 a5 30. Qxb5 Rb7 31. Qc6 Rb6 32. Qc2 Qd6 33. Qc7 Ne8 34. Qxd6 Rxd6 35. Rc8 Kg8 36. Nc6 Nf6 37. Rxf8+ Kxf8 38. Nxb4 axb4 39. Be1 Rb6 40. Ra4 Ne4 41. Bxe4 dxe4 42. Kf2 Bd1 43. Rxb4 Rxb4 44. Bxb4+ Kf7 45. Ke3 Bxb3 46. Kxe4 Bd5+ 47. Ke5 h5 48.
f5 g6 49. fxe6+ Bxe6 50. d5 Bf5 51. Ba3 Ke8 52. Kd6 Bd7 53. Kc7 Bf5 54. Bb4 Bd7 55. Ba3 Bf5 56. Bb4 1/2-1/2

[Event "Open NK Rapid 2025"]
[Site "Helmond, Netherlands"]
[Date "2025.05.03"]
[Round "7.3"]
[White "Bok, Benjamin"]
[Black "Kuipers-Haast, Anne"]
[Result "1-0"]
[TimeControl "15+5"]
[WhiteFideId "1017063"]
[BlackFideId "1017292"]
[WhiteElo "2583"]
[BlackElo "2272"]

1. Nf3 f5 2. g3 Nf6 3. Bg2 g6 4. O-O Bg7 5. d4 d6 6. c4 O-O 7. Nc3 c6 8. b3 Qc7 9. Ba3 a5 10.
Re1 Na6 11. Qd2 Nb4 12. Bb2 e5 13. a3 Na6 14. e4 fxe4 15. Nxe4 Nxe4 16. Rxe4 Bf5 17. Ree1 Rae8 18. Bc3 a4 19.
b4 Bg4 20. dxe5 dxe5 21. Ng5 h6 22. Ne4 Bf3 23. Nd6 Re6 24. c5 Bxg2 25. Kxg2 Qe7 26. Re2 Nc7 27. Rae1 Nd5 28. Bb2 g5 29.
Re4 b6 30. R1e2 Rb8 31. Qe1 bxc5 32. bxc5 Qa7 33. Bxe5 Qxc5 34. Bxg7 Rxe4 35. Nxe4 Qxa3 36. Ba1 Rf8 37. Nc3 Nf6 38. Qb1 Qc5 39. Qg6+ Kh8 40.
Ne4 1-0

[Event "Open NK Rapid 2025"]
[Site "Helmond, Netherlands"]
[Date "2025.05.03"]
[Round "7.4"]
[White "Stolwijk, Colin"]
[Black "Fridman, Daniel"]
[Result "1/2-1/2"]
[TimeControl "15+5"]
[WhiteFideId "1033743"]
[BlackFideId "11600454"]
[WhiteElo "2286"]
[BlackElo "2539"]

1. e4 c6 2. Nf3 d5 3. d3 dxe4 4. dxe4 Qxd1+ 5. Kxd1 Nf6 6. Nbd2 Bg4 7. Be2 Nbd7 8. Ne1 Bxe2+ 9. Kxe2 g5 10. Nd3 O-O-O 11. a4 h5 12.
a5 g4 13. e5 Nd5 14. Nc4 Bh6 15. h3 Rdg8 16. g3 Bxc1 17. Raxc1 Nf8 18. Ne3 Nxe3 19. Kxe3 Ne6 20. b4 h4 21.
hxg4 Rxg4 22. gxh4 Rhxh4 23. f3 Rc4 24. Rxh4 Rxh4 25. c3 Ng7 26. Rg1 Nf5+ 27. Ke2 Rh8 28. Rg5 e6 29. Nc5 Rh2+ 30.
Kd3 Rh8 31. Ne4 Kc7 32. Rg2 Kd7 33. Nc5+ Kc7 34. Ne4 Kd8 35. Nc5 b6 36. axb6 axb6 37. Ne4 Ke7 38. Ra2 Rd8+ 39. Ke2 Nh4 40.
f4 Ng2 41. Kf3 Nh4+ 42. Kg4 Nf5 43. Nf6 Rd3 44. Ra7+ Kd8 45. Ne4 Re3 46. Ng5 Kc8 47. Nxf7 Kb8 48. Rd7 Rxc3 49. Ng5 Kc8 50.
Rh7 Nd4 51. Re7 Kd8 52. Rb7 Kc8 53. Rxb6 Ra3 54. Nxe6 Nxe6 55. Rxc6+ Nc7 56. Kf5 Rb3 57. e6 Kb7 58. Rd6 Rxb4 59. e7 Rb5+ 60. Kg6 Rb6 61.
Rxb6+ Kxb6 62. f5 Kc6 63. f6 Kd7 64. Kg7 Ne8 65. Kf7 Nxf6 66.
Kxf6 Ke8 67. Ke6 1/2-1/2

[Event "Open NK Rapid 2025"]
[Site "Helmond, Netherlands"]
[Date "2025.05.03"]
[Round "7.5"]
[White "Hilwerda, Jonas"]
[Black "Peng, Li Min"]
[Result "0-1"]
[TimeControl "15+5"]
[WhiteFideId "1046713"]
[BlackFideId "14112620"]
[WhiteElo "2233"]
[BlackElo "2510"]

1. e4 g6 2. d4 Bg7 3. Nc3 d6 4.
f4 a6 5.
Nf3 b5 6. Bd3 Nd7 7. a4 b4 8. Ne2 c5 9. c3 bxc3 10. bxc3 e6 11. O-O Ne7 12. Kh1 O-O 13. Be3 Bb7 14.
Rb1 Rb8 15. f5 exf5 16. exf5 c4 17. Bc2 Nd5 18. Bg5 Qa5 19. Qd2 Bc6 20. Ng3 Qxc3 21. Ne4 Qxd2 22. Nfxd2 f6 23. Bf4 Nxf4 24.
Rxf4 d5 25. Nc3 Bh6 26. Rf2 Be3 27. Re2 Bxd4 28. Na2 Ne5 0-1

[Event "Open NK Rapid 2025"]
[Site "Helmond, Netherlands"]
[Date "2025.05.03"]
[Round "7.6"]
[White "Van Batenburg, Mees"]
[Black "Dgebuadze, Alexandre"]
[Result "0-1"]
[TimeControl "15+5"]
[WhiteFideId "1078259"]
[BlackFideId "203882"]
[WhiteElo "2217"]
[BlackElo "2454"]

1. d4 Nf6 2. Nf3 e6 3. Bf4 Nc6 4. e3 Nh5 5. Bg5 Be7 6. Bxe7 Qxe7 7. c4 O-O 8. Nc3 f5 9. d5 Nd8 10.
Nd4 Nf6 11. Be2 a6 12. O-O c5 13. Nb3 d6 14. dxe6 Bxe6 15. Nd2 Nc6 16. Bf3 Ne5 17. Bd5 Nxd5 18. Nxd5 Qf7 19. f4 Ng4 20.
Nf3 Bxd5 21. Ng5 Qh5 22. Qxd5+ Kh8 23. Rfe1 Qxh2+ 24. Kf1 Rae8 25. Nf7+ Rxf7 26. Qxf7 Qh1+ 27. Ke2 Rxe3+ 28. Kd2 Qxg2+ 29. Kd1 Qf3+ 30.
Kc1 Rxe1+ 31. Kc2 Re2+ 0-1

[Event "Open NK Rapid 2025"]
[Site "Helmond, Netherlands"]
[Date "2025.05.03"]
[Round "7.7"]
[White "Van Roon, Sjoerd"]
[Black "Schneider, Ilja"]
[Result "1-0"]
[TimeControl "15+5"]
[WhiteFideId "1051075"]
[BlackFideId "4663306"]
[WhiteElo "2179"]
[BlackElo "2438"]

1. e4 e5 2. Nf3 Nc6 3.
Bc4 Bc5 4. c3 d6 5. O-O Bb6 6. d4 exd4 7. cxd4 Nf6 8. Nc3 O-O 9. d5 Ne7 10. Kh1 Ng6 11. Qc2 Re8 12. Bb5 Bd7 13. Bxd7 Qxd7 14. h3 Ba5 15.
Re1 c6 16. Bg5 Bxc3 17. bxc3 cxd5 18. Bxf6 dxe4 19. Rxe4 gxf6 20. Rae1 d5 21. Qd2 Rxe4 22. Rxe4 Qc6 23. Rd4 Rc8 24.
Rd3 b5 25. Nd4 Qc4 26. Nf5 Nf4 27. Rg3+ Kf8 28. Kh2 Qa4 29. Rg4 Rc4 30. Nd6 h5 31. Rh4 Ng6 32. Qxd5 Ke7 33. Nf5+ Ke8 34. Rxh5 Rc7 35. Qa8+ Kd7 36.
Nd4 Ne7 37. Rxb5 Qxa2 38. Rb7 Qa5 39. g3 Qa2 40. Rxc7+ Kxc7 41. Qf3 {time} 1-0

[Event "Open NK Rapid 2025"]
[Site "Helmond, Netherlands"]
[Date "2025.05.03"]
[Round "7.8"]
[White "Bekkink, Sereyo"]
[Black "Cernov, Vadim"]
[Result "0-1"]
[TimeControl "15+5"]
[WhiteFideId "1037161"]
[BlackFideId "1210629"]
[WhiteElo "2064"]
[BlackElo "2320"]

1. e4 g6 2. d4 Bg7 3. Nc3 c6 4. Be3 Qb6 5. Rb1 d6 6.
Bc4 Nf6 7. f3 O-O 8. Qd2 Qc7 9. Bh6 b5 10. Bxg7 Kxg7 11. Bd3 e5 12. Nge2 Nbd7 13. b4 a5 14. a3 axb4 15. axb4 Qb6 16. d5 cxd5 17. exd5 Ba6 18.
h4 h5 19. Ng3 Nh7 20. Nce4 Bb7 21. Ng5 Ndf6 22. Be4 Rfc8 23. Bxg6 fxg6 24. Ne6+ Kh8 25. Qh6 Rg8 26. Ne4 Nxe4 27.
fxe4 Bc8 28. Ng5 Qe3+ 29. Kd1 Bg4+ 0-1

[Event "Open NK Rapid 2025"]
[Site "Helmond, Netherlands"]
[Date "2025.05.03"]
[Round "7.9"]
[White "Grooten, Tommy"]
[Black "Cernov, Henrik"]
[Result "1/2-1/2"]
[TimeControl "15+5"]
[WhiteFideId "1068806"]
[BlackFideId "16258312"]
[WhiteElo "2027"]
[BlackElo "2291"]

1. Nf3 Nf6 2. c4 Nc6 3. d4 e6 4. a3 d6 5. g3 g6 6. Bg2 Bg7 7. O-O O-O 8. Nc3 Re8 9. Re1 e5 10. dxe5 Nxe5 11. Nxe5 Rxe5 12. e4 Re8 13. Bg5 h6 14.
Bf4 Be6 15. Nd5 Nd7 16. Qd2 g5 17. Be3 c6 18. Nc3 Ne5 19. b3 Qf6 20. Rac1 Nf3+ 21. Bxf3 Qxf3 22. Qe2 Bg4 23. Qxf3 Bxf3 24. Bd2 Re6 25. Re3 Bxc3 26. Bxc3 Bxe4 27.
f3 Bf5 28. Rce1 Rae8 29. Kf2 Bc2 30. b4 Bb3 31. Rxe6 Rxe6 32. Rxe6 fxe6 33. c5 dxc5 34. bxc5 Kf7 35. Ke3 Bd5 36. f4 Kg6 37. fxg5 hxg5 38.
h4 1/2-1/2

[Event "Open NK Rapid 2025"]
[Site "Helmond, Netherlands"]
[Date "2025.05.03"]
[Round "7.10"]
[White "Grooten, Herman"]
[Black "Beeke, Bob"]
[Result "0-1"]
[TimeControl "15+5"]
[WhiteFideId "1000330"]
[BlackFideId "1011634"]
[WhiteElo "2219"]
[BlackElo "2217"]

1. d4 d5 2. c4 e6 3. Nf3 Nf6 4. Nc3 dxc4 5. e3 a6 6. a4 c5 7. Bxc4 Nc6 8. O-O Be7 9.
Qe2 cxd4 10. Rd1 O-O 11. exd4 Qa5 12. Bg5 Rd8 13. Qe3 Nb4 14. Qe5 Nc6 15. Qe2 Nxd4 16. Rxd4 Rxd4 17. Nxd4 Qxg5 18.
Rd1 Bd7 19. Nf3 Qc5 20. Ne5 Be8 21. g4 Rd8 22. Rxd8 Bxd8 23. Kg2 Nd7 24. Nf3 Nb6 25. Bd3 Bc6 26. Ne4 Qb4 27. Ne5 Qxa4 28.
f3 h6 29. Nd6 Nd5 30. Qd2 Qf4 31. Qxf4 Nxf4+ 32. Kg3 Nxd3 33. Nxd3 Bc7 0-1

[Event "Open NK Rapid 2025"]
[Site "Helmond, Netherlands"]
[Date "2025.05.03"]
[Round "7.11"]
[White "Baselmans, Luuk"]
[Black "Landman, Renzo"]
[Result "0-1"]
[TimeControl "15+5"]
[WhiteFideId "1051008"]
[BlackFideId "40106306"]
[WhiteElo "2405"]
[BlackElo "1975"]

1. e4 e5 2. Nf3 Nc6 3. d4 exd4 4. Bc4 Nf6 5. e5 d5 6. Bb5 Ne4 7. Nxd4 Bd7 8. Bxc6 bxc6 9. O-O Bc5 10.
f3 Ng5 11. f4 Ne4 12. Be3 Bb6 13. Nd2 Nxd2 14. Qxd2 c5 15. Nf3 c6 16. c4 Bf5 17. Qf2 d4 18. Bd2 O-O 19. Nh4 Qd7 20.
h3 f6 21. Rfe1 Rae8 22. exf6 Rxe1+ 23. Rxe1 Rxf6 24. Re5 Bd3 25. b3 Re6 26. Qe1 Rxe5 27. Qxe5 Bb1 28. f5 Qf7 29. a4 Bc2 30.
Bg5 Bxb3 31. Be7 h6 32. Ng6 Kh7 33. Nf8+ Kg8 34. Ng6 Kh7 35. g4 Bxc4 36. Nf8+ Kg8 37. Ng6 Kh7 38. Qb8 Qg8 39. Nf8+ Kh8 40. Qd6 d3 41. g5 Qd5 42. Ng6+ Kh7 43. Nf8+ Kg8 44. gxh6 Qxd6 45. h7+ Kf7 46. Bxd6 d2 47. h8=Q d1=Q+ 48. Kf2 Qe2+ 49. Kg3 Qe3+ 50. Kh4 Qd4+ 51.
Kg5 Qf6+ 52. Kg4 Qd4+ 53. Bf4 Be2+ 54. Kg3 Qg1+ 55. Kh4 Bd8+ 56. f6 Bxf6+ 57. Bg5 Qxg5# 0-1

[Event "Open NK Rapid 2025"]
[Site "Helmond, Netherlands"]
[Date "2025.05.03"]
[Round "7.12"]
[White "Moskalets, Sofiia"]
[Black "Grochal, Joey"]
[Result "1/2-1/2"]
[TimeControl "15+5"]
[WhiteFideId "34144293"]
[BlackFideId "1019945"]
[WhiteElo "1938"]
[BlackElo "2261"]

1. d4 d5 2. c4 c6 3. Nc3 Nf6 4. Nf3 dxc4 5. a4 Bf5 6. e3 e6 7. Bxc4 Bb4 8. O-O Nbd7 9. Bd3 O-O 10.
Bxf5 exf5 11. Qd3 g6 12. b3 Qe7 13. Bb2 Rfd8 14. Rad1 Ne4 15. Ne2 Nb6 16. Qc2 Nd5 17. Ne5 Bd6 18.
Nf4 Bc7 19. Nxd5 cxd5 20. f3 Ng5 21. Rfe1 Rac8 22. Qf2 f6 23. Nd3 Re8 24. Qh4 Bb8 25. Re2 Rc6 26. Rde1 b6 27. Qf2 Qc7 28.
Qh4 a5 29. Nf4 Qd7 30. Qf2 Ne6 31. Nxe6 Rcxe6 32. Bc1 Qc7 33. g3 Qc3 34. Bd2 Qxb3 35. e4 fxe4 36. fxe4 dxe4 37. Bf4 Bxf4 38.
Qxf4 Qd5 39. Qe3 Rd6 40. Rd2 Qg5 41. Qb3+ Kg7 42. Rc2 Re7 43. Qa3 Qd5 44. Rd2 f5 45. Qe3 Rc7 46. Rb1 Rc4 47.
Rb5 Rc1+ 48. Kg2 Qc4 49. Qf4 Qe6 50.
Re5 Qf6 51. Rb2 Rc7 52. Rf2 Rf7 53. d5 Re7 54. Rxe7+ Qxe7 55. Rc2 e3 56. Qd4+ Kh6 57. Qf4+ g5 58. Qxf5 e2 59. Rc1 e1=Q 60.
Rxe1 Qxe1 61. Qf8+ Kh5 62. g4+ Kh4 63. Qxd6 Qe2+ 64. Kg1 Qe1+ 65. Kg2 Qe2+ 66. Kg1 Qe3+ 67. Kf1 Qf3+ 68. Ke1 Qe3+ 69. Kd1 Qd3+ 70. Ke1 Kxg4 71. Qe6+ Kf4 72.
Qf6+ Kg4 73. Qe6+ Kf4 74. Qf7+ Kg4 75. Qd7+ Kf4 76. Qd6+ Kg4 77. Qe6+ Kf4 78. d6 Qb1+ 79. Ke2 Qc2+ 80.
Ke1 Qb1+ 81. Kd2 Qb2+ 82. Kd3 Qb1+ 83. Kd2 Qb2+ 84. Kd1 Qd4+ 85. Ke2 Qb2+ 86. Kd1 Qd4+ 87. Ke2 1/2-1/2

[Event "Open NK Rapid 2025"]
[Site "Helmond, Netherlands"]
[Date "2025.05.03"]
[Round "7.13"]
[White "Nies, Levi"]
[Black "Smeets, Kobe"]
[Result "0-1"]
[TimeControl "15+5"]
[WhiteFideId "1061275"]
[BlackFideId "1063910"]
[WhiteElo "1828"]
[BlackElo "2192"]

1. d4 d5 2. e4 dxe4 3. Nc3 Nf6 4. Bg5 Nbd7 5. Bc4 b6 6. Qe2 Bb7 7. O-O-O h6 8. Bh4 a6 9. d5 b5 10.
Bb3 g5 11. Bg3 Nc5 12. Nxb5 axb5 13. Qxb5+ Nfd7 14. h4 Bg7 15. Nh3 Ba6 16. Qc6 gxh4 17. Bxh4 Rb8 18. d6 cxd6 19. Rxd6 Nxb3+ 20. axb3 Rb6 21. Rhd1 Rxc6 22.
Rxd7 Qxd7 23. Rxd7 0-1

[Event "Open NK Rapid 2025"]
[Site "Helmond, Netherlands"]
[Date "2025.05.03"]
[Round "7.14"]
[White "Labruyere, Roger"]
[Black "Madularea, David"]
[Result "1-0"]
[TimeControl "15+5"]
[WhiteFideId "1059505"]
[BlackFideId "1070215"]
[WhiteElo "2117"]
[BlackElo "1921"]

1. e4 d6 2. d4 Nf6 3. Nc3 e6 4. Nf3 Nc6 5. Be2 Be7 6. O-O O-O 7. h3 a6 8. Be3 b5 9. d5 exd5 10. exd5 Ne5 11. Nxe5 dxe5 12.
Bf3 Qd6 13. a3 Bf5 14. b4 e4 15. Be2 Rad8 16. Qd2 Nxd5 17. Nxd5 Qxd5 18. Qxd5 Rxd5 19. c4 bxc4 20. Bxc4 Rd6 21. Bc5 Rd7 22. Bxe7 Rxe7 23. Bxa6 Bd7 24. a4 Rb8 25. b5 c6 26.
bxc6 Bxc6 27. Rfc1 Be8 28. a5 g6 29. Bc8 Bb5 30. a6 Kg7 31. Bb7 Rbxb7 32. axb7 Rxb7 33. Rab1 Bc6 34. Rxb7 Bxb7 35.
Kf1 Ba6+ 36. Ke1 h5 37.
Kd2 Kf6 38. Ke3 Bd3 39. h4 Kf5 40. f3 exf3 41. Rc5+ Kg4 42. gxf3+ Kxh4 43. Kxd3 Kg3 44. Ke2 h4 45. Rg5+ 1-0

[Event "Open NK Rapid 2025"]
[Site "Helmond, Netherlands"]
[Date "2025.05.03"]
[Round "7.15"]
[White "Vasylchenko, Maksym"]
[Black "Margaryan, Artur"]
[Result "1-0"]
[TimeControl "15+5"]
[WhiteFideId "34150617"]
[BlackFideId "13304348"]
[WhiteElo "1853"]
[BlackElo "2100"]

1. d4 Nf6 2. c4 g6 3. Nf3 Bg7 4.
e3 d6 5.
Nc3 O-O 6. Be2 c6 7. b4 a5 8. b5 Nbd7 9. Bb2 Qc7 10. Rc1 Re8 11. O-O e5 12. dxe5 dxe5 13. Ba3 Bf8 14. Qb3 Nc5 15.
Bxc5 Bxc5 16. Na4 Bf8 17. b6 Qe7 18. c5 Be6 19. Qb2 e4 20. Nd4 Bd5 21. Rfd1 Bg7 22. Qc2 h5 23. Nb3 Qe5 24.
Nc3 Be6 25. Rd6 Bf8 26. Rd4 Bf5 27. Na4 Ng4 28. Bxg4 hxg4 29. Nd2 Qf6 30. Nc4 Bg7 31. Nd6 Re7 32. Rcd1 Qh4 33. Nxf5 gxf5 34. Rd8+ Rxd8 35. Rxd8+ Kh7 36. Qd2 Re6 37. Rd7 Qf6 38. Qd1 Re7 39. Rxe7 Qxe7 40.
Qd6 Bf6 41. Kf1 Kg7 42. Ke2 Qe6 43.
Qxe6 fxe6 44. Kd2 Kf7 45. Nc3 Be7 46. Na4 Kf6 47. Kc3 Ke5 48. Kc4 Bh4 49. g3 Be7 50. Nc3 Kf6 51. Ne2 e5 52.
Nc1 Ke6 53. Nb3 Kd7 54. Nxa5 Kc8 55. Nb3 Bg5 56. Nd2 Be7 57.
a4 Bg5 58. a5 Be7 59. Nb3 Bg5 60. Nd2 Be7 61. Nb1 Bg5 62. Na3 f4 63. gxf4 exf4 64. Kd4 f3 65. Kxe4 Bh4 66. Nc4 Bxf2 67. Kf4 Bg1 68. Kxg4 f2 69. Nd2 Bxh2 70. Kf3 Bg1 71. Nf1 Kd8 72.
Ke4 Kc8 73. Kf5 Kd7 74. e4 Ke7 75. e5 Kd7 76. Kf6 Ke8 1-0

[Event "Open NK Rapid 2025"]
[Site "Helmond, Netherlands"]
[Date "2025.05.03"]
[Round "7.17"]
[White "Meulmeester, Luuk"]
[Black "Kazarjan, Gachatur"]
[Result "0-1"]
[TimeControl "15+5"]
[WhiteFideId "40111776"]
[BlackFideId "1068750"]
[WhiteElo "1929"]
[BlackElo "2155"]

1. d4 d5 2. c4 e6 3. cxd5 exd5 4. Nc3 c5 5. Nf3 Nf6 6. g3 Nc6 7. Bg2 Be7 8. O-O O-O 9. dxc5 d4 10. Na4 Bf5 11. Bd2 b5 12. cxb6 axb6 13. Rc1 Be4 14.
b3 Ba3 15. Rxc6 Bxc6 16. Qa1 Bxa4 17. bxa4 Rxa4 18. Rd1 Ne4 19. Be1 Bc5 20. e3 d3 21. Ne5 d2 22. Bxd2 Nxd2 23. Qb2 Nc4 24. Qb3 Rb4 25. Rxd8 Rxd8 26.
Qxb4 Bxb4 27. Nxc4 Bc5 28. Bf3 b5 29. Ne5 Rd2 30. Bc6 b4 31. Kf1 Rxa2 32. Bd5 Ra7 33. Ke2 Kf8 34. Nd3 Bd6 35.
e4 f6 36. Ke3 Ra1 37. f4 Rb1 38. Kd4 Bc7 39. e5 fxe5+ 40. fxe5 b3 41. Ke3 b2 0-1

[Event "Open NK Rapid 2025"]
[Site "Helmond, Netherlands"]
[Date "2025.05.03"]
[Round "7.18"]
[White "Chua, Ethan"]
[Black "Kriens, Hans"]
[Result "1-0"]
[TimeControl "15+5"]
[WhiteFideId "1089250"]
[BlackFideId "1093665"]
[WhiteElo "2069"]
[BlackElo "1878"]

1. e4 c5 2. Nf3 a6 3. d4 cxd4 4. Nxd4 Nc6 5. Nc3 e5 6. Nf5 Nf6 7. Nd6+ Bxd6 8. Qxd6 Qe7 9. Qd1 d6 10.
Bg5 Be6 11. Nd5 Bxd5 12. exd5 Nb8 13. Be2 Nbd7 14. O-O O-O 15. c4 Nc5 16. Rc1 Rac8 17. b4 Nce4 18. Be3 Nd7 19. f3 Nef6 20.
c5 e4 21. f4 Rfd8 22. c6 bxc6 23. dxc6 Nb8 24. Bb6 Nxc6 25. Bxd8 Qxd8 26. Kh1 Qb6 27. Qxd6 Ne8 28. Qd7 Nf6 1-0

[Event "Open NK Rapid 2025"]
[Site "Helmond, Netherlands"]
[Date "2025.05.03"]
[Round "7.19"]
[White "Jara Segovia, Jesus Javier"]
[Black "Geboers, Jimmy"]
[Result "0-1"]
[TimeControl "15+5"]
[WhiteFideId "3925439"]
[BlackFideId "262919"]
[WhiteElo "1909"]
[BlackElo "2065"]

1. e4 e6 2. Nf3 d5 3.
e5 c5 4.
b4 cxb4 5. d4 Nc6 6. a3 b3 7. cxb3 Qb6 8. Bd3 Bd7 9. Be3 Nge7 10.
O-O Nf5 11. Bxf5 exf5 12. Nc3 Be6 13. Ng5 Be7 14. Nxe6 fxe6 15. b4 O-O 16. Na4 Qc7 17. Rc1 Qd7 18. f4 Rac8 19. Rf3 Nxd4 20.
Bxd4 Rxc1 21. Qxc1 Qxa4 22. Rc3 Bd8 23. h3 a5 24. Rc8 axb4 25. Bc5 Re8 26. Bxb4 Bb6+ 27. Kh2 Qd7 28. Rxe8+ Qxe8 29.
Bd6 Qc6 30. Qd1 Be3 31. g3 Qc1 32. Qxc1 Bxc1 33. Kg2 h5 34. Kf3 Kf7 35. Bc5 Ke8 36. g4 hxg4+ 37. hxg4 g6 38. a4 Kd7 39.
Bd4 Kc6 40. a5 Kb5 41. Bc3 Ba3 42. gxf5 gxf5 43. Bd2 Bb4 44. Bc1 Kc4 45. Kg3 Kd3 46. Kh4 Bd2 47. Bxd2 Kxd2 48. Kg5 Kc3 49.
Kf6 d4 50. Kxe6 d3 51. Kxf5 d2 52. e6 d1=Q 53. Kf6 Qd4+ 54.
Kg5 Qg7+ 55. Kf5 Kd4 56. e7 Qxe7 57. Kg6 Ke4 58. f5 Ke5 0-1

[Event "Open NK Rapid 2025"]
[Site "Helmond, Netherlands"]
[Date "2025.05.03"]
[Round "7.20"]
[White "Zecha, Oscar"]
[Black "Roebers, Jan"]
[Result "0-1"]
[TimeControl "15+5"]
[WhiteFideId "1073826"]
[BlackFideId "1007815"]
[WhiteElo "1873"]
[BlackElo "2058"]

1. e3 Nf6 2. Nf3 g6 3. b4 a5 4. b5 Bg7 5. Bb2 O-O 6. c4 d6 7. Be2 e5 8. d4 Re8 9. O-O exd4 10. exd4 d5 11. Nbd2 a4 12.
Rc1 a3 13. Ba1 dxc4 14. Nxc4 Nd5 15. Nfe5 Nd7 16. Bf3 Nxe5 17. dxe5 Be6 18. Qd2 Nb6 19. Qxd8 Rexd8 20. Nxb6 cxb6 21.
Bxb7 Rab8 22. Bc6 Bxa2 23. Rc3 Bf8 24. h3 Be6 25. Rfc1 Rd2 26. R3c2 Rxc2 27. Rxc2 Rd8 28. Bf3 Bc5 29. Kh2 Rd3 30. Be2 Rb3 31.
Bc4 Bxc4 32. Rxc4 Rb1 33. Bc3 Rc1 34. e6 fxe6 35. h4 Rxc3 36. Rxc3 a2 37. Rc1 Bd4 38. Rc8+ Kf7 39. Rc7+ Kf6 40. Ra7 a1=Q 41. Rxa1 Bxa1 42.
Kg3 h5 43. Kf3 Bd4 44. g3 Bc5 45. Ke2 Kf5 46. f3 e5 47. Kf1 e4 48. fxe4+ Kxe4 49. Ke2 Bd6 50. Kf2 Be5 51. Kg2 Ke3 52. Kh3 Kd4 53. g4 hxg4+ 54. Kxg4 Kc5 55. Kg5 Kxb5 56.
Kxg6 Kc4 57. h5 b5 58.
Kf5 Bd4 59. h6 b4 60. h7 b3 0-1

[Event "Open NK Rapid 2025"]
[Site "Helmond, Netherlands"]
[Date "2025.05.03"]
[Round "7.21"]
[White "Margaryan, Aren"]
[Black "Cayonlu, Arda"]
[Result "0-1"]
[TimeControl "15+5"]
[WhiteFideId "40105075"]
[BlackFideId "6339786"]
[WhiteElo "2054"]
[BlackElo "1885"]

1. e4 e5 2. Nf3 Nc6 3. Nc3 Nf6 4. d4 exd4 5. Nxd4 Bb4 6. Nxc6 bxc6 7. Bd3 d5 8. exd5 cxd5 9. O-O O-O 10.
h3 Bb7 11. a3 Bxc3 12. bxc3 Ne4 13.
Bb2 Rb8 14. c4 d4 15. Bxe4 Bxe4 16. Qxd4 Qxd4 17. Bxd4 a6 18. Be5 Rb7 19. Rfd1 f6 20. Bf4 Bxc2 21. Rd7 Bf5 22. Re7 Rf7 23.
Rae1 Bd7 24. c5 Kf8 25. R7e3 Bb5 26. Re6 g5 27. Bh2 Rb8 28. c6 Rb6 29. Re8+ Kg7 30. f4 Bxc6 31. R8e7 Rb2 32.
R1e2 Rxe2 33. Rxe2 Bb5 34. Rc2 c6 35. f5 Rd7 36. Ra2 Rd1+ 37. Kf2 Rf1+ 38. Ke3 Rxf5 39. a4 Bc4 40. g4 Bxa2 41. gxf5 Bb1 42. Kd4 Bxf5 43. Kc5 Bxh3 44.
Kxc6 Bf1 45. Kd6 Kg6 46. Kd5 f5 47. Ke5 h5 48. Bg1 h4 49. Bh2 Bd3 50. Bg1 Kh5 51. a5 Kg4 52. Kf6 f4 53.
Bb6 h3 54. Bf2 h2 0-1

[Event "Open NK Rapid 2025"]
[Site "Helmond, Netherlands"]
[Date "2025.05.03"]
[Round "7.22"]
[White "Winter, Sven"]
[Black "Ritzerveld, Noah"]
[Result "1/2-1/2"]
[TimeControl "15+5"]
[WhiteFideId "1092375"]
[BlackFideId "1085760"]
[WhiteElo "1869"]
[BlackElo "2053"]

1. e4 e5 2. Nc3 Nf6 3. f4 d5 4. fxe5 Nxe4 5.
Qf3 Nc6 6. Bb5 Nxc3 7. dxc3 Qh4+ 8. g3 Qe4+ 9. Qxe4 dxe4 10. Bf4 Bd7 11. O-O-O O-O-O 12. Bc4 Be7 13. Bxf7 Bg4 14. Re1 g5 15. Bd2 Rhf8 16.
e6 Ne5 17. Rxe4 Nxf7 18. exf7 Rxf7 19. Ne2 Bf3 20. Rf1 Rdf8 21.
Re3 Bd5 22. Rxf7 Rxf7 23. Nd4 c5 24. Nf5 Rxf5 25. Rxe7 Rf2 26. Re5 Bc6 27. Bxg5 Rxh2 28. Rxc5 Kd7 29. Re5 Kd6 30. Bf4 Kd7 31. b3 b5 32. Kb2 Rg2 33.
Re3 Bd5 34. Re5 Kc6 35. Re7 a5 36. Rc7+ Kb6 37. Re7 Bf3 38. Re6+ Kb7 39. Kc1 Rg1+ 40. Kb2 Bd1 41. Rd6 Bg4 42.
Rd2 Re1 43. Rh2 Bf5 44. a3 Bg6 45. Bd2 Rf1 46. Bf4 Kc6 47. Rd2 Re1 48. c4 bxc4 49. bxc4 Rf1 50. Kc3 Rf3+ 51. Kb2 Kc5 52.
Rd5+ Kxc4 53. Rxa5 Rf2 54. Ra4+ Kd5 55. Ra5+ Kc6 56. Ra8 Rxc2+ 57. Kb3 Re2 58. a4 Kb6 59. a5+ Kb5 60. a6 Be4 61. Rb8+ Kxa6 62. Kc3 Bg6 63.
Kd4 Re1 64. Rb2 Rd1+ 65. Ke5 Rd3 66. Kf6 Rd7 67. Kg5 Bd3 68. Rd2 Kb5 69. Be5 Kc4 70. Kf4 Rd5 71. Rd1 Rd8 72. Rc1+ Kd5 73. Bb2 Rf8+ 74. Kg5 Rf2 75. Bg7 Ke4 76.
Kh4 Kf5 77. Rc5+ Kg6 78. Be5 Be2 79. Rc6+ Kf7 80. Kg5 Ke7 81. Bf4 Bd3 82. Rc7+ Ke6 83. Rc6+ Kd5 84. Rd6+ Kc4 85. Rc6+ Kd4 86. Rd6+ Kc3 87. Rc6+ Bc4 88.
Rc7 Rh2 89. Rc8 Kd4 90. Rd8+ Bd5 91. Re8 Ra2 92. Rd8 Ke4 93. Re8+ Kf3 94. Re3+ Kg2 95. Re7 Ra5 96. Kf6 h5 97.
Re2+ Kf3 98. Re3+ Kg4 99. Re5 Ra6+ 100. Ke7 Bf3 101. Rg5+ Kh3 102. Rg8 Ra4 103. Rh8 Kg2 104. Kf6 Ra5 105. Ke6 Bg4+ 106. Kf6 Kf3 107.
Be5 Ke4 108. Bf4 Ra6+ 109. Kg7 Kf3 110. Kf7 Rb6 111. Kg7 Rb1 112. Kf6 Rh1 113. Kg7 h4 114. Rxh4 Rxh4 115. gxh4 Kxf4 1/2-1/2

[Event "Open NK Rapid 2025"]
[Site "Helmond, Netherlands"]
[Date "2025.05.03"]
[Round "7.23"]
[White "Kshirsagar, Pranav"]
[Black "Van Esch, Rob"]
[Result "1-0"]
[TimeControl "15+5"]
[WhiteFideId "1084011"]
[BlackFideId "40119289"]
[WhiteElo "2049"]
[BlackElo "1860"]

1. d4 c5 2. d5 e5 3. c4 Nf6 4. Nc3 d6 5. e4 a6 6. f4 exf4 7. Bxf4 g6 8. Be2 Bg7 9. Nf3 Bg4 10.
O-O O-O 11. h3 Bxf3 12. Bxf3 Ne8 13. Re1 Nd7 14. Qd2 Ne5 15. Be2 b6 16. a3 Rb8 17. Rab1 Qe7 18. b4 Nd7 19. Bf1 Qf6 20.
Ne2 Nc7 21. Rb3 Ne5 22. Rc3 Qe7 23. Rc2 Nd7 24. Ng3 b5 25. bxc5 Nxc5 26. Kh1 bxc4 27. Rxc4 Nb5 28. a4 Na3 29.
Rcc1 Rb2 30. Qa5 Nb3 31. Qc7 Qh4 32. Qxd6 Nxc1 33. Rxc1 Rf2 34. Be3 1-0